 Dungeon Crawl Stone Soup version 0.20.0-6-gd3061e9 (webtiles) character file.

102302 MTVSty1e the Phalangite (level 16, -21/112 HPs)
             Began as a Merfolk Fighter on May 28, 2017.
             Was the Champion of Okawaru.
             Killed from afar by a wretched star (31 damage)
             ... with an orb of energy
             ... on level 3 of the Abyss.
             The game lasted 01:32:49 (32197 turns).

MTVSty1e the Phalangite (Merfolk Fighter)          Turns: 32197, Time: 01:32:52

Health: -21/112    AC: 31    Str: 21    XL:     16   Next: 32%
Magic:  16/16      EV:  5    Int:  5    God:    Okawaru [******]
Gold:   1479       SH: 19    Dex: 14    Spells: 15/15 levels left

rFire    + . .     SeeInvis .   C - +4 spear (flame) (curse)
rCold    . . .     Gourm    .   c - +1 shield
rNeg     . . .     Faith    .   R - +12 crystal plate armour "Amooj" {Str+4 Dex+4}
rPois    +         Spirit   .   j - +0 helmet
rElec    .         Reflect  +   O - +0 cloak
rCorr    .         Harm     .   l - +1 pair of gloves {archery}
MR       ++...     Rnd*Rage +   S - +0 pair of boots Stlth ..........Rnd*Tele +
                                q - +5 amulet of reflection
Regen    0.0/turn               y - ring of protection from fire
MPRegen  0.2/turn               a - ring of poison resistance

@: berserk cooldown, slowed, studying Short Blades, very slow
A: change form in water, swift swim, stealthy swim, large bone plates 1,
[berserk 3], [blurry vision 2], [clumsy 2], deformed body, [deterioration 2],
[dopey 2], [frail 2], [low mp 3], magic resistance 1, [screaming 2], [inhibited
regeneration], teleportitis 1[+2], [weak 2], [no potion heal 2], [subdued magic
3], MP-powered wands
a: Heroism, Finesse, Renounce Religion


You were on level 3 of the Abyss.
You worshipped Okawaru.
Okawaru was exalted by your worship.
You were not hungry.

You visited 3 branches of the dungeon, and saw 22 of its levels.
You visited the Abyss 1 time.
You also visited: Ossuary and Volcano.

You collected 2014 gold pieces.
You spent 535 gold pieces at shops.

Inventory:

Hand Weapons
 C - a cursed +4 spear of flaming (weapon)
Armour
 c - a +1 shield (worn)
 j - a +0 helmet (worn)
 l - a +1 pair of gloves of archery (worn)
 J - a +1 crystal plate armour
 O - a +0 cloak (worn)
 R - the +12 crystal plate armour "Amooj" (worn) {Str+4 Dex+4}
   (Okawaru gifted it to you on level 6 of the Lair of Beasts)

   It affects your strength (+4).
   It affects your dexterity (+4).
 S - a +0 pair of boots (worn)
Jewellery
 a - a ring of poison resistance (right hand)
 m - an uncursed ring of flight
 q - a +5 amulet of reflection (around neck)
 v - the ring "Xupueseb" {Ice *Drain rPois rN+ Stlth+}
   (You found it on level 3 of the Lair of Beasts)

   [ring of ice]

   It enhances your ice magic.
   It makes you vulnerable to fire.
   It protects you from cold.
   It protects you from poison.
   It protects you from negative energy.
   It causes draining when unequipped.
   It makes you more stealthy.
 y - a ring of protection from fire (left hand)
 F - a +2 ring of protection
 Q - the ring "Bozxeh Liga" {+Fly rElec MP+9 Str+8 Int-5}
   (You found it on level 4 of the Lair of Beasts)

   [ring of magical power]

   It affects your strength (+8).
   It affects your intelligence (-5).
   It insulates you from electricity.
   It affects your magic capacity (+9).
   It lets you fly.
Wands
 d - a wand of flame (38/48)
 h - a wand of scattershot (5/9)
 n - a wand of clouds (2/9)
 s - a wand of iceblast (3/15)
 B - a wand of digging (21/24)
 E - a wand of disintegration (6/24)
 M - a wand of polymorph (11/24)
 U - a wand of disintegration (16/24)
Scrolls
 b - 5 scrolls of enchant armour
 e - 9 scrolls of amnesia
 f - 6 scrolls of fear
 g - 6 scrolls of remove curse
 i - 5 scrolls of recharging
 k - 4 scrolls of identify
 p - 2 scrolls of magic mapping
 x - 5 scrolls of teleportation
 L - a scroll of acquirement {unknown}
 N - 7 scrolls of enchant weapon
Potions
 u - 4 potions of flight
 A - 6 potions of brilliance
 D - a potion of magic
 G - 3 potions of berserk rage
 H - 2 potions of ambrosia
 I - 3 potions of curing
 V - 2 potions of cancellation
Books
 t - a book of Frost

   Spells                             Type                      Level
   a - Freeze                         Ice                          1
   b - Throw Frost                    Conjuration/Ice              2
   c - Ozocubu's Armour               Charms/Ice                   3
   d - Throw Icicle                   Conjuration/Ice              4
   e - Summon Ice Beast               Ice/Summoning                4
 K - a manual of Short Blades
Comestibles
 w - 6 royal jellies
 X - 2 meat rations
 Y - 4 bread rations


   Skills:
 + Level 16.8 Fighting
 * Level 21.2 Polearms
 * Level 8.7 Armour
 - Level 10.4 Dodging
 - Level 3.2 Shields
 + Level 10.5 Invocations
 - Level 7.1 Evocations


You had 15 spell levels left.
You didn't know any spells.

Dungeon Overview and Level Annotations

Branches:
Dungeon (15/15)            Temple (1/1) D:4            Lair (6/6) D:9
 Shoals (0/4) Lair:4       Spider (0/4) Lair:3        Slime (0/5) Lair:5
    Orc (0/2) D:11         Vaults (0/5) D:13
 Depths: D:15

Altars:
Ashenzari
Cheibriados
Dithmenos
Elyvilon
Fedhas
Hepliaklqana
Kikubaaqudgha
Makhleb
Okawaru
Ru
Trog
Uskayaw
Vehumet
Xom
Yredelemnul
Zin
The Shining One

Shops:
D:4 !=%   D:6 :=***

Annotations:
D:10 1 runed door
D:15 Louise


Innate Abilities, Weirdness & Mutations

You revert to your normal form in water.
You are very nimble and swift while swimming.
You are very stealthy in the water. (Stealth+)
You are partially covered in large bone plates. (SH +4)
Armour fits poorly on your strangely shaped body.
You are resistant to hostile enchantments. (MR+)
You expend magic power (3 MP) to strengthen your wands.
[You have an uncontrollable temper.]
[Scrolls take you longer to read.]
[You are very clumsy. (Dex -4)]
[Your body often deteriorates upon taking damage.]
[You are very dopey. (Int -4)]
[You are very frail. (-20% HP)]
[Your magical capacity is extremely low. (-30% MP)]
[You sometimes yell uncontrollably at your foes.]
[You do not regenerate when monsters are visible.]
[You are often teleported next to monsters.]
[You are very weak. (Str -4)]
[Potions are poor at restoring your health.]
[Your spells are much easier to cast, but much less powerful.]


Message History

The wretched star pulses with an eldritch light!
You feel weaker. x2
The wretched star pulses with an eldritch light!
Your regeneration stops near monsters.
Your system partially rejects the healing.
You feel better.
A tentacle flies out from the starspawn's body!
A starspawn tentacle comes into view.
The wretched star glows turbulently.
The orb of energy misses you.
The wretched star pulses with an eldritch light!
You feel less energetic. x2
A killer bee and a meliai come into view.
The killer bee buzzes angrily.
The meliai buzzes angrily.
The meliai calls down the wrath of its god upon you.
Something smites you!
* * * LOW HITPOINT WARNING * * *
The wretched star glows turbulently.
The orb of energy hits you!
You die...

### #@## #..y#.##
##y###.## #..
#...## ...# ..#..#
##y###.###*## .
...#..%#...# #.#
..#...#..X#.####..
# ##.###.###.. ..#


You could see a wretched star, a meliai and 2 killer bees.

Vanquished Creatures
  2 tentacled starspawn (Abyss:3)
  Frances (D:13)
  Agnes (D:15)
  A very ugly thing (Abyss:3)
  An entropy weaver (Lair:4)
  The ghost of Typee the Basher, a journeyman FoFi of Okawaru (D:14)
  Snorg (D:11)
  A fire dragon (Lair:6)
  Erolcha (D:9)
  10 hydras
  A catoblepas (Lair:6)
  3 centaur warriors
  An anaconda (Lair:5)
  A death knight (D:12)
  A queen ant (Lair:4)
  9 two-headed ogres
  The ghost of braks the Arsonist, a novice HOFE of Sif Muna (D:7)
  3 wretched stars (Abyss:3)
  A fire crab (Lair:5)
  A hell knight (Volcano)
  A salamander mystic (Volcano)
  A glowing orange brain (Abyss:3)
  3 unseen horrors
  4 lindwurms
  An orc knight (D:15)
  Pikel (D:4)
  A wolf spider (Lair:3)
  A deep elf mage (D:12)
  A mana viper (Lair:4)
  2 cyclopes
  4 salamanders (Volcano)
  2 manticores
  5 ugly things
  9 black mambas
  6 elephants
  2 centaur zombies (D:13)
  4 merfolk sirens (Lair:4)
  4 spiny frogs
  A torpor snail (Lair:6)
  5 molten gargoyles
  2 gargoyles
  3 centaur skeletons
  9 komodo dragons
  2 efreet
  3 polar bears (Lair:5)
  8 trolls
  2 hornets (Lair:1)
  3 jumping spiders (Lair:3)
  5 meliai
  37 blink frogs
  8 slime creatures
  7 hippogriffs
  6 dream sheep (Lair:6)
  2 shadows
  28 yaks
  A spriggan (shapeshifter) (Abyss:3)
  7 wyverns
  A wraith (D:10)
  11 basilisks
  6 fire bats
  A vampire (D:13)
  A human (shapeshifter) (D:13)
  A steam dragon (Lair:6)
  3 hungry ghosts
  11 vampire mosquitoes
  16 soldier ants
  A warg (D:15)
  5 hell hounds (Lair:6)
  An acid dragon (D:12)
  11 porcupines
  16 water moccasins
  7 orc warriors
  4 sky beasts
  5 ice beasts
  A slave (D:4)
  3 elephant zombies (Lair:4)
  A necrophage (D:13)
  2 phantoms
  An eye of draining (D:13)
  10 ogres
  7 centaurs
  23 wolves
  A small abomination (Abyss:3)
  16 crocodiles
  A komodo dragon zombie (Lair:4)
  6 big kobolds
  17 bullfrogs
  A wyvern zombie (D:11)
  5 scorpions
  18 killer bees
  26 wights
  3 howler monkeys
  10 lava snakes
  3 crimson imps
  2 bullfrog zombies
  8 hounds
  2 quasits
  An iron imp (Abyss:3)
  3 jellies
  9 orc priests
  A gnoll shaman (D:8)
  Ijyb (D:5)
  29 worker ants
  5 iguanas
  10 orc wizards
  A crocodile zombie (Lair:4)
  A hound zombie (D:9)
  A hound skeleton (D:5)
  8 mummies (Ossuary)
  3 worker ant zombies
  10 gnolls
  A howler monkey skeleton (D:8)
  15 adders
  2 shadow imps
  A white imp (Abyss:3)
  6 oozes
  5 adder skeletons
  3 worms
  2 dart slugs
  9 leopard geckos
  51 orcs
  8 giant cockroaches
  6 goblins
  7 hobgoblins
  5 jackals
  4 quokkas
  A ball python (D:3)
  4 bats
  5 frilled lizards
  2 hobgoblin zombies (Ossuary)
  A jackal zombie (D:5)
  25 kobolds
  4 kobold zombies (Ossuary)
  2 orc zombies (Ossuary)
  11 rats
  A starspawn tentacle (Abyss:3)
765 creatures vanquished.

Vanquished Creatures (collateral kills)
  A deep elf mage (D:15)
  A komodo dragon (Lair:3)
  A slime creature (D:15)
  2 vampire mosquitoes (D:15)
  An orc warrior (D:15)
  An orc (D:15)
7 creatures vanquished.

Vanquished Creatures (others)
  Nessos (D:13)
  An unseen horror (D:15)
  A cyclops (D:14)
  2 slaves (D:5)
  A centaur (D:15)
  A quokka (D:3)
  A leopard gecko skeleton (D:5)
  2 butterflies (D:4)
  5 fungi
  8 plants
  14 starspawn tentacles (Abyss:3)
37 creatures vanquished.

Grand Total: 809 creatures vanquished

Notes
Turn   | Place    | Note
-------+----------+-------------------------------------------
     0 | D:1      | MTVSty1e the Merfolk Fighter began the quest for the Orb.
     0 | D:1      | Reached XP level 1. HP: 18/18 MP: 1/1
   132 | D:1      | Reached XP level 2. HP: 24/24 MP: 2/2
   590 | D:2      | Reached XP level 3. HP: 30/30 MP: 3/3
   593 | D:2      | Found a bloodstained altar of Trog.
   596 | D:2      | Found a hazy altar of Hepliaklqana.
   720 | D:2      | Reached skill level 4 in Polearms
  1024 | D:3      | Found a white marble altar of Elyvilon.
  1188 | D:3      | Reached XP level 4. HP: 34/37 MP: 4/4
  1339 | D:3      | Reached skill level 5 in Polearms
  1641 | D:3      | Reached XP level 5. HP: 29/43 MP: 5/5
  2108 | D:3      | Reached skill level 5 in Fighting
  2108 | D:3      | Reached skill level 6 in Polearms
  2221 | D:3      | Reached XP level 6. HP: 38/51 MP: 6/6
  3023 | D:4      | Found Sen Qoo's Jewellery Shop.
  3072 | D:4      | Noticed a phantom
  3103 | D:4      | Killed a phantom
  3103 | D:4      | Reached skill level 7 in Polearms
  3224 | D:4      | Found Yrutso's Distillery.
  3329 | D:4      | Found a staircase to the Ecumenical Temple.
  3373 | D:4      | Reached XP level 7. HP: 48/58 MP: 7/7
  3442 | D:4      | Found Qeku Pimm's Food Boutique.
  3507 | D:4      | Found a radiant altar of Vehumet.
  3507 | D:4      | Found a blossoming altar of Fedhas.
  3657 | Temple   | Entered the Ecumenical Temple
  3723 | Temple   | Became a worshipper of Warmaster Okawaru
  3808 | D:5      | Entered Level 5 of the Dungeon
  3814 | D:5      | Found a blossoming altar of Fedhas.
  3817 | D:5      | Noticed Pikel
  3846 | D:4      | HP: 1/58 [slave[Pikel] (6)]
  4300 | D:4      | Killed Pikel
  4300 | D:4      | Reached * piety under Okawaru
  4300 | D:4      | Reached skill level 9 in Polearms
  4300 | D:4      | Reached XP level 8. HP: 11/67 MP: 8/8
  4812 | D:5      | Reached skill level 10 in Polearms
  5049 | D:5      | Noticed a wyvern
  5064 | D:5      | Killed a wyvern
  5206 | D:5      | Found a shadowy altar of Dithmenos.
  5313 | D:5      | Noticed Ijyb
  5331 | D:5      | Killed Ijyb
  5788 | D:5      | Reached ** piety under Okawaru
  5911 | D:5      | Reached skill level 11 in Polearms
  6034 | D:5      | Reached XP level 9. HP: 60/76 MP: 9/9
  6419 | D:6      | Found Myerr's General Store.
  6518 | D:6      | Reached skill level 12 in Polearms
  6784 | D:6      | Reached *** piety under Okawaru
  6799 | D:6      | Reached skill level 10 in Fighting
  6838 | D:6      | Found Qefaevit's General Store.
  6860 | D:6      | Found a sand-covered staircase.
  6872 | Ossuary  | Entered an ossuary
  7421 | D:6      | HP: 3/79 [wight/enchanted scimitar (4)]
  7676 | D:6      | Found Wekleonn's Jewellery Shop.
  7696 | D:6      | Reached skill level 13 in Polearms
  7702 | D:6      | Gained mutation: Armour fits poorly on your strangely shaped body. [mutagenic meat]
  7703 | D:6      | Gained mutation: You possess an exceptional clarity of mind. [mutagenic meat]
  7704 | D:6      | Gained mutation: You are surrounded by a mild repulsion field. (EV +2) [mutagenic meat]
  7705 | D:6      | Gained mutation: Your spells are a little harder to cast, but a little more powerful. [mutagenic meat]
  7706 | D:6      | Gained mutation: [You are frail. (-10% HP)] [mutagenic meat]
  7707 | D:6      | Lost mutation: Armour fits poorly on your strangely shaped body. [potion of mutation]
  7707 | D:6      | Lost mutation: [You are frail. (-10% HP)] [potion of mutation]
  7707 | D:6      | Lost mutation: You possess an exceptional clarity of mind. [potion of mutation]
  7707 | D:6      | Lost mutation: You are surrounded by a mild repulsion field. (EV +2) [potion of mutation]
  7707 | D:6      | Lost mutation: Your spells are a little harder to cast, but a little more powerful. [potion of mutation]
  7707 | D:6      | Gained mutation: You are partially covered in yellow scales. (AC +2) [potion of mutation]
  7707 | D:6      | Gained mutation: You are partially covered in molten scales. (AC +2) [potion of mutation]
  7722 | D:6      | Bought a +5 amulet of reflection for 535 gold pieces
  7870 | D:6      | Found Eclot Roeru's Book Boutique.
  7918 | D:6      | Found Lexkaeleats's Assorted Antiques.
  8326 | D:7      | Reached XP level 10. HP: 87/87 MP: 10/10
  8553 | D:7      | Noticed braks's ghost (novice HOFE)
  8568 | D:7      | Killed braks's ghost
  8568 | D:7      | Reached **** piety under Okawaru
  8568 | D:7      | Reached skill level 14 in Polearms
  9150 | D:8      | Found a shadowy altar of Dithmenos.
  9725 | D:9      | Found a shattered altar of Ashenzari.
  9932 | D:9      | Reached skill level 1 in Dodging
  9939 | D:9      | Noticed Erolcha
  9955 | D:9      | Reached ***** piety under Okawaru
  9955 | D:9      | Reached skill level 15 in Polearms
  9955 | D:9      | Reached skill level 1 in Invocations
  9976 | D:9      | Reached skill level 1 in Evocations
 10016 | D:9      | Killed Erolcha
 10016 | D:9      | Received a gift from Okawaru
 10016 | D:9      | Reached XP level 11. HP: 84/96 MP: 12/12
 10082 | D:9      | Found a staircase to the Lair.
 10404 | D:9      | Found a large runed door.
 10404 | D:9      | Found a large runed door.
 10415 | D:9      | Noticed a two-headed ogre
 10428 | D:9      | Killed a two-headed ogre
 10462 | D:9      | Noticed a centaur warrior
 10473 | D:9      | Killed a centaur warrior
 10747 | D:9      | Found a large runed door.
 10747 | D:9      | Found a large runed door.
 11052 | D:10     | Entered Level 10 of the Dungeon
 11089 | D:10     | Found a runed door.
 11089 | D:10     | Found a white marble altar of Elyvilon.
 11089 | D:10     | Noticed an angel
 11926 | Lair:1   | Entered Level 1 of the Lair of Beasts
 12043 | Lair:1   | Noticed a seven-headed hydra
 12060 | Lair:1   | Killed a seven-headed hydra
 12060 | Lair:1   | Reached skill level 5 in Dodging
 12411 | Lair:1   | Got a polished flail
 12427 | Lair:1   | Identified the +5 flail of Conucvon {speed, *Corrode +Inv rN+++ MR-} (You found it on level 1 of the Lair of Beasts)
 12754 | Lair:1   | Reached XP level 12. HP: 103/103 MP: 15/15
 12916 | Lair:1   | Reached skill level 16 in Polearms
 13341 | Lair:2   | Received a gift from Okawaru
 13394 | Lair:1   | Reached skill level 5 in Invocations
 13518 | Lair:1   | Reached skill level 5 in Evocations
 14506 | Lair:2   | Paralysed by a hornet for 2 turns
 14552 | Lair:1   | HP: 2/105 [hornet (7)]
 15065 | Lair:2   | Got an emerald-encrusted chain mail
 15066 | Lair:2   | Identified the +0 chain mail of the Burgomaster {+Fly rF+} (You found it on level 2 of the Lair of Beasts)
 15881 | Lair:3   | Found a hole to the Spider Nest.
 15931 | Lair:3   | Received a gift from Okawaru
 16182 | Lair:3   | Got a crude jade ring
 16235 | Lair:3   | Reached XP level 13. HP: 112/112 MP: 17/17
 16301 | Lair:3   | Reached skill level 5 in Armour
 16563 | Lair:3   | Identified the ring "Xupueseb" {Ice *Drain rPois rN+ Stlth+} (You found it on level 3 of the Lair of Beasts)
 16897 | Lair:3   | Reached skill level 17 in Polearms
 17388 | Lair:4   | Got a pitted marble ring
 17389 | Lair:4   | Identified the ring "Bozxeh Liga" {+Fly rElec MP+9 Str+8 Int-5} (You found it on level 4 of the Lair of Beasts)
 17464 | Lair:4   | Found a staircase to the Shoals.
 17777 | Lair:4   | Reached ****** piety under Okawaru
 18268 | Lair:4   | Received a gift from Okawaru
 18506 | Lair:4   | Noticed an entropy weaver
 18511 | Lair:4   | Noticed an entropy weaver
 18584 | Lair:4   | Killed an entropy weaver
 19997 | Lair:5   | Found a dark tunnel.
 20008 | Volcano  | Entered a volcano
 20466 | Volcano  | Found a radiant altar of Vehumet.
 20518 | Volcano  | Reached skill level 18 in Polearms
 20909 | Volcano  | Reached XP level 14. HP: 93/121 MP: 19/19
 21090 | Lair:5   | Reached skill level 15 in Fighting
 21127 | Lair:5   | Received a gift from Okawaru
 21420 | Lair:5   | Found a staircase to the Slime Pits.
 22382 | Lair:6   | Entered Level 6 of the Lair of Beasts
 22974 | Lair:6   | Received a gift from Okawaru
 22985 | Lair:6   | Got a scorched crystal plate armour {god gift}
 22996 | Lair:6   | Identified the +12 crystal plate armour "Amooj" {Str+4 Dex+4} (Okawaru gifted it to you on level 6 of the Lair of Beasts)
 23044 | Lair:6   | Found a large runed door.
 23940 | Lair:6   | Reached skill level 10 in Dodging
 24324 | Lair:6   | Found a large runed door.
 24692 | Lair:6   | Reached skill level 19 in Polearms
 25352 | Lair:6   | Received a gift from Okawaru
 25569 | Lair:6   | Reached XP level 15. HP: 115/130 MP: 21/21
 25956 | D:11     | Gained mutation: Your flesh is heat resistant. (rF+) [mutagenic meat]
 25957 | D:11     | Gained mutation: [You are frail. (-10% HP)] [mutagenic meat]
 25958 | D:11     | Gained mutation: You are agile. (Dex +2) [mutagenic meat]
 25960 | D:11     | Lost mutation: [You are frail. (-10% HP)] [potion of mutation]
 25960 | D:11     | Lost mutation: You are agile. (Dex +2) [potion of mutation]
 25960 | D:11     | Lost mutation: You are partially covered in molten scales. (AC +2) [potion of mutation]
 25960 | D:11     | Lost mutation: Your flesh is heat resistant. (rF+) [potion of mutation]
 25960 | D:11     | Gained mutation: [You tend to lose your temper in combat.] [potion of mutation]
 25960 | D:11     | Gained mutation: You have a pair of small horns on your head. [potion of mutation]
 25960 | D:11     | Gained mutation: You are resistant to hostile enchantments. (MR+) [potion of mutation]
 25961 | D:11     | Lost mutation: [You tend to lose your temper in combat.] [potion of mutation]
 25961 | D:11     | Lost mutation: You are partially covered in yellow scales. (AC +2) [potion of mutation]
 25961 | D:11     | Lost mutation: You are resistant to hostile enchantments. (MR+) [potion of mutation]
 25961 | D:11     | Lost mutation: You have a pair of small horns on your head. [potion of mutation]
 25961 | D:11     | Gained mutation: You are agile. (Dex +2) [potion of mutation]
 25961 | D:11     | Gained mutation: [You are dopey. (Int -2)] [potion of mutation]
 25961 | D:11     | Gained mutation: You are robust. (+10% HP) [potion of mutation]
 26110 | D:11     | Found a staircase to the Orcish Mines.
 26437 | D:11     | Noticed Snorg
 26457 | D:11     | Killed Snorg
 27772 | D:12     | Received a gift from Okawaru
 28236 | D:13     | Noticed Nessos
 28282 | D:13     | Killed Nessos
 28395 | D:13     | Found a sacrificial altar of Ru.
 28770 | D:13     | Noticed Frances
 28794 | D:13     | Killed Frances
 28794 | D:13     | Received a gift from Okawaru
 28794 | D:13     | Reached skill level 20 in Polearms
 29082 | D:13     | Found a gate to the Vaults.
 29566 | D:14     | Noticed Typee's ghost (journeyman FoFi)
 29622 | D:14     | Killed Typee's ghost
 30600 | D:14     | Reached skill level 10 in Invocations
 30772 | D:14     | Gained mutation: Your flesh is cold resistant. (rC+) [mutagenic meat]
 30773 | D:14     | Lost mutation: You are robust. (+10% HP) [mutagenic meat]
 30774 | D:14     | Gained mutation: [Your magical capacity is low. (-10% MP)] [mutagenic meat]
 30775 | D:14     | Gained mutation: [Potions are less effective at restoring your health.] [mutagenic meat]
 30776 | D:14     | Lost mutation: You are agile. (Dex +2) [mutagenic meat]
 30777 | D:14     | Gained mutation: [Your body sometimes deteriorates upon taking damage.] [mutagenic meat]
 30778 | D:14     | Gained mutation: [Your magical capacity is very low. (-20% MP)] [mutagenic meat]
 30779 | D:14     | Lost mutation: [Your body sometimes deteriorates upon taking damage.] [potion of mutation]
 30779 | D:14     | Lost mutation: [Your magical capacity is very low. (-20% MP)] [potion of mutation]
 30779 | D:14     | Lost mutation: [Potions are less effective at restoring your health.] [potion of mutation]
 30779 | D:14     | Lost mutation: [Your magical capacity is low. (-10% MP)] [potion of mutation]
 30779 | D:14     | Lost mutation: [You are dopey. (Int -2)] [potion of mutation]
 30779 | D:14     | Lost mutation: Your flesh is cold resistant. (rC+) [potion of mutation]
 30779 | D:14     | Gained mutation: Armour fits poorly on your strangely shaped body. [potion of mutation]
 30779 | D:14     | Gained mutation: [Your spells are a little easier to cast, but a little less powerful.] [potion of mutation]
 30779 | D:14     | Gained mutation: You are resistant to hostile enchantments. (MR+) [potion of mutation]
 30780 | D:14     | Lost mutation: [Your spells are a little easier to cast, but a little less powerful.] [potion of mutation]
 30780 | D:14     | Gained mutation: [You are occasionally teleported next to monsters.] [potion of mutation]
 30780 | D:14     | Gained mutation: You expend magic power (3 MP) to strengthen your wands. [potion of mutation]
 30780 | D:14     | Gained mutation: You are partially covered in large bone plates. (SH +4) [potion of mutation]
 30871 | D:15     | Entered Level 15 of the Dungeon
 31421 | D:15     | Reached XP level 16. HP: 139/139 MP: 23/23
 31449 | D:15     | Received a gift from Okawaru
 31569 | D:15     | Noticed Agnes
 31589 | D:15     | Killed Agnes
 31965 | D:15     | Noticed Louise
 31972 | D:15     | Cast into level 2 of the Abyss (Louise)
 32005 | Abyss:3  | Noticed a tentacled starspawn
 32059 | Abyss:3  | Reached skill level 21 in Polearms
 32065 | Abyss:3  | Killed a tentacled starspawn
 32077 | Abyss:3  | Noticed a tentacled starspawn
 32110 | Abyss:3  | Killed a tentacled starspawn
 32110 | Abyss:3  | Received a gift from Okawaru
 32181 | Abyss:3  | Noticed a tentacled starspawn
 32197 | Abyss:3  | Killed from afar by a wretched star

Skill      XL: |  1  2  3  4  5  6  7  8  9 10 11 12 13 14 15 16 |
---------------+-------------------------------------------------+-----
Polearms       | 4 5 6 7 9 11 13 15 16 18 19 20 21 | 21.2
Fighting       | 4 5 6 7 9 11 12 13 14 15 16 | 16.8
Dodging        | 2 5 7 9 10 | 10.4
Invocations    | 2 4 6 7 8 10 | 10.5
Evocations     | 2 4 5 6 7 |  7.1
Armour         | 4 5 6 8 |  8.7
Shields        | |  3.2

Action                   |  1- 3 |  4- 6 |  7- 9 | 10-12 | 13-15 | 16-18 || total
-------------------------+-------+-------+-------+-------+-------+-------++-------
Melee: Trident           |   108 |   180 |   446 |   404 |       |       ||  1138
       Spear             |       |       |       |   842 |  3171 |   245 ||  4258
       Tailslap          |       |       |       |       |     3 |       ||     3
Invok: Heroism           |       |       |     4 |    10 |    21 |     1 ||    36
       Finesse           |       |       |       |     1 |     6 |     2 ||     9
Evoke: Wand              |       |       |       |       |     9 |       ||     9
       Box of beasts     |       |       |       |       |     1 |       ||     1
  Use: Potion            |     1 |     2 |     5 |     4 |    12 |     2 ||    26
       Scroll            |       |       |    19 |    13 |    13 |     1 ||    46
 Stab: Distracted        |       |     1 |       |       |       |       ||     1
  Eat: Meat ration       |     1 |       |     1 |     1 |     2 |       ||     5
       Bread ration      |       |     1 |     2 |     3 |     1 |       ||     7
       Royal jelly       |       |     1 |       |       |       |     1 ||     2
       Chunk             |       |       |     5 |       |    23 |       ||    28
       Fruit             |       |       |     1 |     7 |    31 |     1 ||    40
Armor: Scale mail        |    30 |    37 |    91 |       |       |       ||   158
       Plate armour      |       |       |    15 |    92 |       |       ||   107
       Crystal plate arm |       |       |       |   440 |  1144 |   166 ||  1750
Dodge: Dodged            |    17 |    43 |    83 |   121 |   457 |   114 ||   835
Block: Shield            |    48 |    55 |   179 |   799 |  1610 |   374 ||  3065
       Reflection        |       |       |       |    13 |    25 |    13 ||    51
